 Dungeon Crawl Stone Soup version 0.31-a0-851-g7ff8af7976 (webtiles) character file.

Game seed: 435456220276677833

5289 Maratek the Cleaver (level 10, -11/99 HPs)
             Began as a Minotaur Fighter on Oct 6, 2023.
             Was an Elder of Makhleb.
             Killed by nerve-wracking pain
             ... invoked by an orc priest
              (14 damage)
             ... on level 8 of the Dungeon.
             The game lasted 00:11:11 (7164 turns).

Maratek the Cleaver (Minotaur Fighter)              Turns: 7164, Time: 00:11:12

Health: -11/99     AC: 14    Str: 30    XL:     10   Next: 37%
Magic:  9/9        EV:  8    Int:  5    God:    Makhleb [****..]
Gold:   454        SH: 11    Dex: 11    Spells: 9/9 levels left

rFire   . . .        a - +1 war axe
rCold   + + .        e - +1 kite shield
rNeg    . . .        y - +0 plate armour
rPois   .            u - +0 hat
rElec   .            w - scarf {+Inv}
rCorr   +            (no gloves)
SInv    .            (no boots)
Will    +....        (no amulet) Stlth
                     s - +6 ring of strength
HPRegen 0.36/turn    b - ring of Paranoia {Drain rC++ Will+ rCorr Slay+5}
MPRegen 0.11/turn

%: no passive effects
@: mighty
A: horns 2, retaliatory headbutt, talons 1, robust 1
a: Renounce Religion, Evoke Invisibility, Minor Destruction, Lesser Servant of
Makhleb, Major Destruction


You were on level 8 of the Dungeon.
You worshipped Makhleb.
Makhleb was greatly pleased with you.
You visited 1 branch of the dungeon, and saw 8 of its levels.
You also visited: Bailey.

You collected 454 gold pieces.

Inventory:

Hand Weapons
 a - a +1 war axe (weapon)
Armour
 e - a +1 kite shield (worn)
 u - a +0 hat (worn)
 w - a scarf of invisibility (worn)
 y - a +0 plate armour (worn)
Jewellery
 b - the ring of Paranoia (right hand) {Drain rC++ Will+ rCorr Slay+5}
   (You acquired it on level 7 of the Dungeon)

   [ring of willpower]

   Slay+5:    It affects your accuracy & damage with ranged weapons and melee
   (+5).
   rC++:      It greatly protects you from cold.
   Will+:     It increases your willpower.
   rCorr:     It protects you from acid and corrosion.
   Drain:     It drains your maximum health when unequipped.
 s - a +6 ring of strength (left hand)
 x - a ring of see invisible
Wands
 p - a wand of charming (21)
 q - a wand of digging (1)
 t - a wand of roots (9)
Scrolls
 f - a scroll of fog
 k - a scroll of enchant armour
 o - 2 scrolls of teleportation
Potions
 c - a potion of heal wounds {unknown}
 d - 2 potions of might
 g - a potion of haste {unknown}
 h - 3 potions of brilliance
 i - 2 potions of cancellation
 l - a potion of ambrosia {unknown}
 n - a potion of lignification {unknown}
 r - a potion of resistance {unknown}


   Skills:
 + Level 8.4 Fighting
 + Level 11.6 Axes
 + Level 10.0 Armour
 + Level 4.0 Dodging
 + Level 1.2 Stealth
 + Level 7.6 Shields


You had 9 spell levels left.
You didn't know any spells.
Your spell library contained the following spells:

 Spells                   Type           Power      Damage    Failure   Level
 Freeze                   Ice            0%         1d3       100%        1
 Summon Small Mammal      Summ           0%         N/A       100%        1
 Call Canine Familiar     Summ           0%         N/A       100%        3
 Frozen Ramparts          Ice            0%         1d1       100%        3
 Hailstorm                Conj/Ice       0%         3d3       100%        3
 Summon Guardian Golem    Hex/Summ       0%         N/A       100%        3


Dungeon Overview and Level Annotations

Branches:
Dungeon (8/15)             Temple (0/1) D:4          Bailey (visited)
   Lair: D:8-11

Altars:
Cheibriados
Gozag
Kikubaaqudgha
Makhleb
Qazlal
Vehumet
Zin

Shops:
D:5 :

Annotations:
D:6 1 runed translucent door, ScrombusTheWizard's ghost, novice DjNe
D:8 Prince Ribbit


Innate Abilities, Weirdness & Mutations

You have a pair of horns on your head.
You reflexively headbutt those who attack you in melee.
You have sharp toenails.
You are robust. (+10% HP)


Message History

You feel very mighty all of a sudden.
* * * LOW HITPOINT WARNING * * *
You feel very sick.
Prince Ribbit hits you but does no damage.
The orange demon stings you but does no damage.
An orc priest comes into view. It is wielding a +0 club.
Amaemon mumbles some strange words.
You feel better. You block Prince Ribbit's attack.
The scorpion barely misses you. You furiously retaliate!
You headbutt the scorpion!
You kill the scorpion!
The scorpion's corpse disappears in a puff of smoke!
You block the scorpion's attack. You block Amaemon's attack. Amaemon claws you.
* * * LOW HITPOINT WARNING * * *
Amaemon barely misses you. You block the orange demon's attack.
You slash Amaemon!
You kill Amaemon!
Makhleb accepts your kill.
You feel better.
The scorpion disappears in a puff of smoke! x2
You slash Prince Ribbit!
Prince Ribbit blinks! x2
The orange demon closely misses you.
Your Armour skill increases to level 10!
An orc comes into view. It is wielding a +0 dagger.
The orange demon stings you but does no damage.
Things that are here:
a +3 flail; a +0 robe
Found 5 stones.
The orange demon attacks as it pursues you!
The orange demon stings you but does no damage.
The orc priest calls down the wrath of Beogh upon you.
Beogh smites you!
* * * LOW HITPOINT WARNING * * *
The orc shouts!
The orange demon stings you but does no damage.
Prince Ribbit hits you but does no damage.
Found a scroll of teleportation.
You block the orange demon's attack.
The orc priest calls down the wrath of Beogh upon you.
Pain shoots through your body!
You die...

...# .#.# #.## #####..##.#.# #.#.
#...........##### . #... #.#
#..#.o......### ..####.. #.#
#..#))...>....? ........ #.#
#....o.......... .......
##.###)##)#.......###..###...
.####...##.##.4..................
...........##.#.@.....# #####...
#####...#####.#.......# #...
######.## #.F......... ##.4
.......# ##.###.##### ###.6
######## ##(. ## #.... ### ###
#.### ..## #.# ...### #.# .....#
#.#


You could see an orange demon (curare), Prince Ribbit, an orc priest and an orc.

Vanquished Creatures
  Amaemon (D:8)
  Maggie (D:8)
  A wraith (D:7)
  4 yaks
  A steam dragon (D:8)
  3 water moccasins
  5 ice beasts
  2 orc warriors
  5 ogres
  2 centaurs
  A phantom (D:6)
  2 kobold brigands
  A bullfrog (D:6)
  2 scorpions (D:6)
  8 wights
  6 killer bees
  4 howler monkeys
  3 hounds (D:5)
  A gnoll bouda (D:6)
  6 orc priests
  5 iguanas
  A sleepcap (D:7)
  Natasha (D:3)
  5 orc wizards
  3 gnolls (D:6)
  10 adders
  3 shadow imps
  A white imp (D:7)
  2 ufetubi
  A worm (D:4)
  2 dart slugs
  20 orcs
  6 endoplasms
  A giant cockroach (D:3)
  13 goblins
  4 hobgoblins
  16 kobolds
  2 quokkas
  3 ball pythons
  7 bats
  4 frilled lizards
  4 rats
173 creatures vanquished.

Notes
Turn   | Place    | Note
-------+----------+-------------------------------------------
     0 | D:1      | Maratek the Minotaur Fighter began the quest for the Orb.
     0 | D:1      | Reached XP level 1. HP: 19/19 MP: 0/0
     7 | D:1      | Found a faded altar of an unknown god.
    37 | D:1      | Prayed at the altar of an unknown god.
    37 | D:1      | Became a worshipper of Makhleb the Destroyer
    37 | D:1      | Reached * piety under Makhleb
   155 | D:1      | Reached XP level 2. HP: 27/27 MP: 1/1
   973 | D:2      | Reached XP level 3. HP: 32/33 MP: 2/2
  1386 | D:3      | Reached ** piety under Makhleb
  1478 | D:3      | Noticed an ice beast
  1482 | D:3      | Killed an ice beast
  1483 | D:3      | Reached skill level 3 in Axes
  1483 | D:3      | Reached XP level 4. HP: 41/41 MP: 3/3
  1483 | D:3      | Reached XP level 5. HP: 47/47 MP: 4/4
  1569 | D:3      | Reached skill level 5 in Armour
  1912 | D:3      | Noticed Natasha
  1913 | D:3      | Killed Natasha
  1914 | D:3      | Reached skill level 4 in Axes
  1914 | D:3      | Reached skill level 1 in Dodging
  1994 | D:3      | Gained mutation: You have sharp toenails. [potion of
                  | mutation]
  1994 | D:3      | Gained mutation: You are robust. (+10% HP) [potion of
                  | mutation]
  2099 | D:4      | Reached XP level 6. HP: 54/58 MP: 5/5
  2158 | D:4      | Reached skill level 5 in Axes
  2310 | D:4      | Found a burning altar of Makhleb.
  2310 | D:4      | Noticed a blizzard demon
  2314 | D:4      | Noticed a ynoxinul
  2314 | D:4      | Noticed a ynoxinul
  2343 | D:4      | Found a staircase to the Ecumenical Temple.
  2373 | D:4      | Found an ancient bone altar of Kikubaaqudgha.
  2494 | D:5      | Entered Level 5 of the Dungeon
  2516 | D:5      | Reached skill level 5 in Fighting
  2651 | D:5      | Noticed an ice beast
  2658 | D:5      | Killed an ice beast
  2659 | D:5      | Reached XP level 7. HP: 43/67 MP: 6/6
  2817 | D:5      | Reached skill level 6 in Axes
  3080 | D:5      | Found Omufaos's Book Boutique.
  3280 | D:5      | Found a glowing silver altar of Zin.
  3281 | D:5      | Found an opulent altar of Gozag.
  3321 | D:5      | Found a snail-covered altar of Cheibriados.
  3387 | D:6      | Reached skill level 7 in Axes
  3387 | D:6      | Reached skill level 5 in Shields
  3388 | D:6      | Reached XP level 8. HP: 39/77 MP: 7/7
  3695 | D:6      | Reached *** piety under Makhleb
  3921 | D:6      | Found a runed translucent door.
  3924 | D:6      | Noticed ScrombusTheWizard's ghost (novice DjNe)
  3945 | D:6      | Reached skill level 8 in Axes
  3955 | D:6      | Reached skill level 1 in Stealth
  4498 | D:7      | Reached skill level 9 in Axes
  4498 | D:7      | Reached XP level 9. HP: 76/85 MP: 8/8
  4979 | D:7      | Found a radiant altar of Vehumet.
  5017 | D:7      | Found a flagged portal.
  5027 | Bailey   | Entered a bailey
  5060 | Bailey   | Noticed an orc knight
  5490 | D:7      | Reached skill level 10 in Axes
  5490 | D:7      | Reached **** piety under Makhleb
  6104 | D:8      | Noticed Maggie
  6116 | D:8      | Killed Maggie
  6117 | D:8      | Reached skill level 11 in Axes
  6117 | D:8      | Reached XP level 10. HP: 65/96 MP: 9/9
  6461 | D:8      | Noticed Amaemon
  6462 | D:8      | Noticed an orange demon
  6835 | D:7      | Identified a scroll of acquirement
  6836 | D:7      | Acquired the ring of Paranoia {Drain rC++ Will+ rCorr
                  | Slay+5}
  6962 | D:8      | Found a stormy altar of Qazlal.
  7148 | D:8      | Noticed Prince Ribbit
  7156 | D:8      | Killed Amaemon
  7157 | D:8      | Reached skill level 10 in Armour
  7160 | D:8      | HP: 2/99 [orc priest/divine providence (15)]
  7164 | D:8      | Killed from afar by an orc priest

Illustrated notes

Levels and vault maps discovered:
D:1:      saegor_arrival_simple_c, layout_basic,
          dreamdust_ecumenical_altar_grove, hangedman_glass_teeth
D:2:      layout_rooms, minivault_23
D:3:      minmay_diamond_boxcup, layout_loops_cross, mrwooster_statue_mirror,
          nrook_campfire, minmay_misc_feat_secret_circle, uniq_natasha
D:4:      layout_rooms, mainiacjoe_overflow_concentric_impassable,
          makhleb_altar_promises_db, minmay_temple_entry_stoned_glass,
          serial_curves, eino_curves_03, eino_curves_02, eino_curves_01
D:5:      layout_cave_pools, lemuel_coloured_pillars_altar,
          grunt_temple_overflow_gold_and_silver, serial_shops,
          nicolae_take_the_stairs
D:6:      layout_rooms, ebering_ghost_sewer_d
D:7:      layout_loops_corners, kennysheep_mini_moat, enter_bailey_3
D:8:      layout_loops_ring, grunt_qazlal_sundering, uniq_prince_ribbit1,
          uniq_maggie, uniq_amaemon

Skill      XL: |  1  2  3  4  5  6  7  8  9 10 |
---------------+-------------------------------+-----
Fighting       | 4 5 6 7 8 |  8.4
Armour         | 4 5 6 8 9 10 | 10.0
Shields        | 4 5 6 7 |  7.6
Axes           | 3 4 5 7 9 11 | 11.6
Dodging        | 1 2 3 4 |  4.0
Stealth        | 1 |  1.2

Action                     |  1- 3 |  4- 6 |  7- 9 | 10-12 || total
---------------------------+-------+-------+-------+-------++-------
  Melee: War axe           |    62 |    71 |   238 |    50 ||   421
         Headbutt          |     9 |     7 |    34 |     7 ||    57
         Kick              |       |    16 |    62 |    16 ||    94
    Use: Scroll            |       |     7 |     3 |     5 ||    15
         Potion            |       |     1 |       |     4 ||     5
 Armour: Scale mail        |    48 |    44 |   120 |       ||   212
         Plate armour      |       |       |    49 |    80 ||   129
  Dodge: Dodged            |    31 |    35 |    97 |    32 ||   195
  Block: Buckler           |    10 |    14 |       |       ||    24
         Kite shield       |       |     3 |   120 |    44 ||   167

Table legend: (Time is in decaauts)
 A = Elapsed time spent in this place.
 B = Non-inter-level travel time spent in this place.
 C = Inter-level travel time spent in this place.
 D = Time resting spent in this place.
 E = Time spent auto-exploring this place.
 F = Levels seen in this place.
 G = Mean time per level.
                   A        B        C        D        E       F      G
               +--------+--------+--------+--------+--------+-----+--------+
         Total |   7262 |   6807 |    455 |   1257 |   4399 |   9 |  806.9 |
       Dungeon |   7201 |   6746 |    455 |   1257 |   4381 |   8 |  900.1 |
        Bailey |     61 |     61 |      0 |      0 |     18 |   1 |   61.0 |
               +--------+--------+--------+--------+--------+-----+--------+

Top non-repeatable levels by time:
     D:7: 2032 daAuts
     D:6: 1014 daAuts
     D:5: 903 daAuts
     D:3: 840 daAuts
     D:1: 806 daAuts
     D:8: 713 daAuts
     D:4: 507 daAuts
     D:2: 382 daAuts
  Bailey: 61 daAuts
